Map: Prion Terraces

Players

FLORENCIO - Winner!

  • Race: Protoss Protoss
  • League: Master

BallSavage

  • Race: Zerg Zerg
  • League: Master

VOD

Have the link to the VOD?

Description

Time

  • Played on: May 15, 2016, 10 p.m.
  • Length: 13:41
Show
View Real Time Build Order
Export as new Build Order

FLORENCIO Protoss - Winner!

Build Orders: 1 Gate Expand 

Get SALT Encoding   

  12  0:01  Probe (Chrono Boost)  
  13  0:11  Probe (Chrono Boost)  
  14  0:22  Probe (Chrono Boost)  
  15  0:30  Pylon  
  15  0:49  Gateway, Probe (Chrono Boost)  
  16  0:55  Assimilator  
  16  0:59  Probe (Chrono Boost)  
  16  1:00  Assimilator  
  17  1:10  Probe (Chrono Boost)  
  18  1:20  Probe (Chrono Boost)  
  19  1:31  Probe (Chrono Boost)  
  20  1:35  Nexus  
  20  1:41  Probe (Chrono Boost)  
  21  1:56  Cybernetics Core  
  21  2:03  Pylon  
  21  2:10  Probe (Chrono Boost)  
  22  2:20  Probe (Chrono Boost)  
  23  2:31  Probe (Chrono Boost)  
  23  2:32  Stalker  
  23  2:33  Warp Gate  
  26  2:48  Assimilator  
  26  2:51  Probe (Chrono Boost)  
  26  2:52  Probe (Chrono Boost)  
  26  2:57  Pylon  
  28  3:02  Probe (Chrono Boost)  
  28  3:04  Mothership Core (Chrono Boost)  
  32  3:13  Probe (Chrono Boost)  
  32  3:22  Probe (Chrono Boost)  
  32  3:23  Probe (Chrono Boost)  
  34  3:27  Pylon  
  34  3:30  Stargate  
  34  3:31  Stargate  
  34  3:37  Stargate  
  34  3:40  Probe (Chrono Boost)  
  35  3:42  Probe (Chrono Boost)  
  36  3:53  Pylon  
  36  3:54  Probe (Chrono Boost)  
  37  3:58  Assimilator  
  37  4:05  Probe (Chrono Boost)  
  37  4:07  Probe (Chrono Boost)  
  39  4:13  Forge  
  39  4:15  Probe (Chrono Boost), Oracle  
  43  4:21  Oracle  
  46  4:27  Oracle  
  49  4:37  Pylon  
  49  4:46  Photon Cannon  
  52  4:53  Oracle (Chrono Boost)  
  52  4:57  Photon Cannon  
  55  5:00  Oracle (Chrono Boost)  
  55  5:09  Probe (Chrono Boost)  
  55  5:10  Probe (Chrono Boost)  
  55  5:13  Oracle (Chrono Boost)  
  60  5:18  Probe  
  60  5:21  Probe  
  62  5:27  Photon Cannon  
  62  5:29  Probe, Photon Cannon  
  62  5:30  Pylon  
  63  5:49  Void Ray (Chrono Boost)  
  71  5:54  Void Ray (Chrono Boost)  
  71  5:57  Photon Cannon  
  71  5:59  Pylon  
  71  6:17  Void Ray (Chrono Boost)  
  75  6:32  Void Ray (Chrono Boost)  
  83  6:37  Void Ray (Chrono Boost)  
  83  6:48  Nexus  
  83  6:50  Photon Cannon  
  83  6:54  Probe  
  83  7:01  Pylon  
  84  7:06  Probe  
  97  7:22  Void Ray (Chrono Boost)  
  97  7:27  Pylon  
  97  7:28  Void Ray x2 (Chrono Boost)  
  97  7:43  Pylon  
  97  8:00  Void Ray (Chrono Boost)  
  105  8:09  Photon Cannon  
  105  8:10  Photon Cannon x2  
  105  8:11  Void Ray (Chrono Boost)  
  103  8:18  Mothership Core  
  92  8:38  Void Ray (Chrono Boost)  
  99  8:42  Void Ray (Chrono Boost)  
  103  8:51  Photon Cannon  
  103  8:52  Photon Cannon  
  103  8:53  Void Ray (Chrono Boost)  
  103  8:54  Probe, Photon Cannon, Pylon  
  104  9:04  Probe  
  105  9:15  Probe, Void Ray (Chrono Boost)  
  110  9:25  Probe  
  103  9:36  Probe  
  96  9:47  Probe  
  96  9:52  Void Ray (Chrono Boost)  
  109  9:53  Assimilator, Void Ray x2 (Chrono Boost)  
  109  9:56  Assimilator  
  109  9:57  Probe  
  110  10:08  Probe  
  111  10:18  Probe  
  112  10:29  Probe  
  113  10:39  Probe  
  112  11:11  Oracle (Chrono Boost)  
  115  11:26  Nexus  
  115  11:27  Pylon  
  115  11:28  Pylon x2  
  115  11:29  Gateway  
  115  11:30  Gateway  
  115  11:31  Assimilator  
  115  11:32  Gateway  
  115  11:35  Assimilator  
  114  11:50  Pylon  
  114  11:52  Pylon  
  114  11:54  Pylon  
  110  11:56  Pylon  
  110  11:59  Pylon  
  114  12:16  Oracle x2 (Chrono Boost)  
  114  12:19  Oracle (Chrono Boost)  
  121  12:52  Oracle x2 (Chrono Boost)  
  121  12:55  Oracle (Chrono Boost)  
  121  12:58  Probe  
  121  12:59  Forge  
  122  13:09  Probe  
Show
View Real Time Build Order
Export as new Build Order

BallSavage Zerg 

Build Orders: 3 Hatch before Pool 

Get SALT Encoding   

  12  0:01  Drone  
  13  0:12  Overlord  
  13  0:18  Drone  
  14  0:31  Drone x2  
  14  0:35  Drone  
  17  0:54  Hatchery  
  17  0:57  Drone  
  17  1:09  Drone  
  18  1:22  Hatchery  
  17  1:35  Spawning Pool  
  17  1:38  Extractor  
  17  1:39  Drone  
  16  1:48  Drone x2  
  16  1:51  Drone  
  19  2:01  Drone  
  20  2:14  Drone  
  21  2:17  Drone  
  22  2:27  Queen, Drone  
  22  2:28  Drone  
  26  2:30  Queen  
  26  2:34  Drone  
  29  2:40  Spore Crawler  
  28  2:54  Queen, Drone  
  28  2:55  Overlord  
  28  2:56  Metabolic Boost  
  31  2:59  Drone  
  31  3:05  Spine Crawler  
  31  3:09  Overlord  
  30  3:14  Overlord  
  30  3:16  Drone  
  30  3:17  Drone  
  30  3:19  Drone  
  33  3:22  Zergling x2  
  33  3:24  Zergling x2  
  33  3:26  Zergling x2  
  36  3:28  Zergling x2  
  36  3:33  Zergling x4  
  39  3:37  Baneling Nest  
  39  3:40  Overlord  
  38  3:44  Drone x2  
  40  3:51  Drone  
  40  3:52  Drone  
  40  3:53  Drone x3  
  45  3:56  Extractor  
  45  4:02  Drone, Roach Warren  
  44  4:03  Drone  
  44  4:07  Drone  
  44  4:08  Drone  
  44  4:09  Drone  
  48  4:11  Drone  
  48  4:14  Drone  
  48  4:15  Drone  
  51  4:21  Extractor  
  51  4:22  Lair  
  51  4:23  Drone x2  
  52  4:26  Overlord  
  52  4:36  Overlord x2  
  51  4:41  Drone x3  
  51  4:45  Drone x3  
  57  4:46  Extractor  
  57  4:47  Overlord  
  57  4:48  Roach x2  
  57  4:51  Roach  
  62  4:54  Queen  
  62  4:56  Drone x2  
  62  4:59  Drone  
  67  5:08  Extractor  
  67  5:09  Roach x5  
  67  5:10  Roach  
  78  5:15  Pneumatized Carapace  
  78  5:17  Drone x4  
  82  5:24  Spore Crawler  
  82  5:27  Drone  
  82  5:29  Hydralisk Den  
  81  5:39  Drone x3  
  81  5:41  Overlord x2  
  86  5:43  Roach x2  
  88  5:50  Overseer  
  88  5:57  Drone x2  
  88  5:59  Overlord x3  
  88  6:00  Extractor  
  89  6:05  Hydralisk  
  89  6:06  Evolution Chamber, Spore Crawler, Hydralisk x2  
  89  6:08  Hydralisk x3  
  79  6:12  Hydralisk  
  80  6:18  Drone  
  80  6:22  Spore Crawler  
  80  6:24  Spore Crawler, Hydralisk  
  81  6:26  Hydralisk  
  83  6:32  Hydralisk  
  83  6:36  Hydralisk  
  83  6:43  Zerg Missile Weapons Level 1  
  82  6:47  Hydralisk  
  82  6:48  Hydralisk x2  
  82  6:53  Spore Crawler  
  82  6:54  Spore Crawler  
  86  7:01  Drone x2  
  86  7:02  Drone  
  86  7:03  Drone x2  
  86  7:06  Drone x2  
  93  7:19  Hydralisk  
  93  7:20  Hydralisk x2  
  99  7:23  Hydralisk  
  99  7:26  Hydralisk  
  99  7:29  Hydralisk  
  105  7:34  Queen  
  107  7:40  Overlord  
  107  7:41  Overlord  
  107  7:56  Hydralisk  
  101  8:12  Hydralisk x5  
  93  8:13  Hydralisk  
  93  8:15  Hatchery  
  101  8:22  Hydralisk x2  
  79  8:38  Zergling x2  
  79  8:39  Zergling x14  
  82  8:53  Roach Warren  
  81  8:57  Hatchery  
  80  9:07  Drone  
  81  9:17  Hydralisk x5  
  81  9:19  Hydralisk  
  79  9:31  Hydralisk x2  
  81  9:43  Hydralisk x3  
  87  9:53  Hydralisk x2  
  87  9:57  Muscular Augments  
  91  10:09  Hydralisk x3  
  97  10:16  Drone  
  97  10:21  Drone  
  99  10:22  Drone x3  
  99  10:23  Drone  
  103  10:37  Evolution Chamber  
  103  10:38  Drone  
  103  10:40  Hydralisk x2  
  107  10:55  Drone x2  
  107  11:06  Hydralisk  
  107  11:07  Hydralisk x4  
  117  11:12  Hydralisk x2  
  120  11:21  Hydralisk  
  118  11:50  Hydralisk x3  
  97  12:17  Hydralisk x4  
  102  13:15  Hatchery  
Tags
 
Add a new tag
Caveats
  • Supply blocks, unpowered buildings, or Contaminate may cause inaccurate times.
  • Supply counts are checked every 10 seconds.